[Event "26th Womens ECCC 2022"]
[Site "Mayrhofen"]
[Date "2022.10.04"]
[Round "2.14"]
[White "Fataliyeva, Ulviyya"]
[Black "Gaponenko, Inna"]
[Result "1-0"]
[ECO "B40"]
[WhiteElo "2422"]
[BlackElo "2348"]
[Annotator "TA"]
[PlyCount "57"]
[EventDate "2022.10.03"]
[EventType "team-tourn"]
[EventCountry "AUT"]
[SourceTitle "playchess.com"]
[Source "ChessBase"]
[SourceQuality "1"]
[TimeControl "40/5400+30:1800+30"]

1. e4 c5 2. Nf3 e6 3. d4 cxd4 4. Nxd4 Nf6 5. Nc3 Nc6 6. Nxc6 bxc6 7. Bd3 d5 8. O-O Be7 9. a3 {[%emt 0:00:45] [#] B40: Sicilian: 2...e6, Unusual lines.} a5 $146 ({Predecessor:} 9... O-O 10. Bf4 Qb6 11. b4 Ba6 12. Qe2 Bxd3 13. cxd3 a5 14. exd5 cxd5 15. Rab1 axb4 16. axb4 {1-0 (49) Droin,A (2289)-Rakotomaharo,F (2422) Europe Echecs INT 2020}) 10. Re1 O-O 11. Bf4 {[%emt 0:04:29] The position is equal.} Ba6 12. Qe2 Qb6 13. Bg5 {[%emt 0:11:44] aiming for e5.} Rfe8 (13... Qxb2 $2 14. Bxa6 Qxc3 15. e5 $16) 14. Na4 Qb7 15. Bxf6 Bxf6 16. c4 Qb3 17. e5 Be7 (17... dxc4 $2 18. Bc2 Qb5 19. exf6 gxf6 20. h4 $18) (17... Bxc4 18. Bxh7+ Kxh7 19. Qh5+ Kg8 20. exf6 $16) 18. Qf3 dxc4 ({Much weaker is} 18... Qxa4 19. b3 Qxa3 20. Rxa3 Bxa3 21. Rd1 $11) 19. Bxh7+ Kxh7 $19 20. Qxf7 {[%emt 0:02:37][%cal Oe1e3] Threatens to win with Re3!} Qxa4 $2 (20... Qc2 $1 $19 {Strongly threatening ...Qf5.} 21. Qxe6 Qg6 22. Qh3+ Kg8) 21. Re3 $1 $40 {[%emt 0:00:10][%mdl 128] White wants to mate with Rh3+. White attacks.} Bg5 $2 (21... c3 {gets mated.} 22. Rg3) (21... Qb3 $14) 22. Rh3+ $1 $18 Bh6 {[%emt 0:00:03] [#]} 23. g4 $1 {[%emt 0:00:03][%cal Oh3h6,Bg2g4,Bg4g5,Bg5h6][%mdl 32] White threatens Rxh6+! and mate.} Kh8 {[%emt 0:00:14] [#]} 24. g5 $1 {[%emt 0:06:07][%mdl 64] Pin} Rf8 25. Qg6 {[%emt 0:00:40][%mdl 64] Pin} Rad8 26. gxh6 {[%emt 0:03:02][%csl Gh6][%cal Rg6g7] White mates.} Rd1+ 27. Kg2 Rxf2+ 28. Kxf2 Rd2+ 29. Ke1 {[%emt 0:00:36] Weighted Error Value: White=0.16 (very precise) /Black=0.55} 1-0

[Event "26th Womens ECCC 2022"]
[Site "Mayrhofen"]
[Date "2022.10.04"]
[Round "2.15"]
[White "Doluhanova, Evgeniya"]
[Black "Balajayeva, Khanim"]
[Result "1/2-1/2"]
[ECO "C84"]
[WhiteElo "2264"]
[BlackElo "2384"]
[Annotator "TA"]
[PlyCount "68"]
[EventDate "2022.10.03"]
[EventType "team-tourn"]
[EventCountry "AUT"]
[SourceTitle "playchess.com"]
[Source "ChessBase"]
[SourceQuality "1"]
[TimeControl "40/5400+30:1800+30"]

1. e4 e5 2. Nf3 Nc6 3. Bb5 a6 4. Ba4 Nf6 5. O-O Be7 6. d3 b5 7. Bb3 d6 8. Bd2 {[%emt 0:02:05] C84: Closed Ruy Lopez: Unusual White 6th moves.} O-O 9. a4 {[%emt 0:00:47] [#]} Bg4 $146 ({Predecessor:} 9... b4 10. a5 Rb8 11. Bg5 Rb5 12. Ba4 Rxa5 13. Nbd2 Nd4 14. Nc4 Rc5 15. Nfd2 d5 16. Bxf6 Bxf6 {0-1 (50) Martirosyan,H (2572)-Tang,A (2494) Chess.com INT 2018}) 10. c3 {Inhibits Nd4.} Na5 11. Bc2 c5 12. axb5 axb5 13. Na3 Qd7 14. h3 Bh5 15. Qe2 Rfb8 16. Qe3 Nc6 17. Rfc1 d5 18. exd5 Nxd5 ({Don't take} 18... Qxd5 19. Nxb5 Rxa1 20. Rxa1 $16) 19. Qe2 ({Don't blunder} 19. Nxe5 $2 Qe6 20. Nxc6 Nxe3 21. Nxe7+ Qxe7 $19) 19... Bf6 (19... Nf6 $15) 20. Nxe5 $1 $11 {[%emt 0:09:27] The position is equal.} Nxe5 21. Qxh5 g6 22. Qd1 b4 23. Nc4 (23. cxb4 {keeps more tension.} Nxb4 24. Bc3 Qf5 25. Bxb4 cxb4 26. d4) 23... Rxa1 24. Rxa1 bxc3 25. bxc3 (25. Bxc3 {seems wilder.} Nxc3 26. bxc3 Nxc4 27. dxc4 Qe6 28. Qf3) 25... Nxc4 26. dxc4 Nxc3 27. Bxc3 {[%emt 0:02:19] A strong pair of Bishops.} Qxd1+ 28. Rxd1 Bxc3 {[%emt 0:00:04][%mdl 4096] Endgame KRB-KRB} 29. Rb1 Ra8 30. Bb3 {[%emt 0:03:21] Against Ra2} (30. Be4 $5 Ra2 31. f4 $11) 30... Rd8 31. Rd1 Rb8 32. Rb1 Rd8 33. Rd1 Rb8 34. Rb1 Rd8 {[%emt 0:00:17] Weighted Error Value: White=0.09 (flawless) /Black=0.09 (flawless)} 1/2-1/2

[Event "26th Womens ECCC 2022"]
[Site "Mayrhofen"]
[Date "2022.10.04"]
[Round "2.16"]
[White "Beydullayeva, Govhar"]
[Black "Tarleva, Diana"]
[Result "1-0"]
[ECO "A43"]
[WhiteElo "2356"]
[BlackElo "2175"]
[Annotator "TA"]
[PlyCount "55"]
[EventDate "2022.10.03"]
[EventType "team-tourn"]
[EventCountry "AUT"]
[SourceTitle "playchess.com"]
[Source "ChessBase"]
[SourceQuality "1"]
[TimeControl "40/5400+30:1800+30"]

1. d4 c5 2. d5 e6 3. e4 exd5 4. exd5 d6 5. Bd3 Nf6 6. Nc3 {[%emt 0:07:26] A43: Schmid Benoni.} Be7 7. h3 O-O 8. Nf3 {[%emt 0:00:20] White has an edge.} Na6 9. O-O (9. Bxa6 $5 bxa6 10. Nd2 $11) 9... Nc7 10. Re1 {[%emt 0:09:51] [#]} Rb8 $146 ({Predecessor:} 10... b6 11. a4 Bb7 12. Bc4 a6 13. Bg5 h6 14. Bh4 Re8 15. Qd3 Nh5 16. Rxe7 Rxe7 17. Bxe7 Qxe7 {½-½ (39) Miladinovic,I (2535)-Kuzmin,G (2545) Agios Nikolaos 1995}) 11. a4 Ncxd5 (11... h6 {seems wilder.} 12. Bc4 Bf5 13. Bf4 Re8) 12. Nxd5 Nxd5 {[%emt 0:00:10] [#]} 13. Bxh7+ $1 Kxh7 14. Qxd5 {[%emt 0:00:02] Hoping for Qe4+.} Be6 15. Qh5+ Kg8 16. Re4 {[%emt 0:10:07] White is more active.} Qb6 $2 {[%emt 0:22:25][%mdl 8192] [#]} (16... Qd7 $14) 17. Bg5 $1 $18 Qxb2 $2 {[%emt 0:01:15] [#]} (17... d5) 18. Bxe7 $1 Qxa1+ {[%emt 0:02:10] [#]} 19. Kh2 $1 {[%emt 0:00:45] Ng5 would kill now.} g6 20. Qg5 $40 {[%emt 0:01:54][%mdl 128] White goes for the king.} (20. Qh4 {Threatening mate with Bf6.} Bd5 21. Ng5) 20... Bf5 {[%emt 0:08:20] Strongly threatening ...f6.} 21. Re1 $2 ({Better is} 21. Rh4 $18 {White wants to mate with Bf6.} f6 22. Qh6) 21... Qh8 (21... Qxa4 22. Bf6 Kh7 23. g4) ({Black should play} 21... Qg7 $1 $11) 22. g4 (22. Bxd6 $14 b6 23. Bxb8 Rxb8 24. Re7 (24. Qe7 Ra8 $11)) 22... Qc3 $2 (22... Bxc2 $11 23. Bxd6 Qc3) 23. Re3 f6 (23... Qxc2 $142 24. Qh4 g5 25. Nxg5 Bh7) 24. Qh4 (24. gxf5 fxg5 25. Rxc3 Rxf5 $16) 24... g5 {[%emt 0:00:01] Threatens to win with ...Qxe3.} 25. Qg3 {[%emt 0:00:43] The board is on fire.} ({Less strong is} 25. gxf5 gxh4 26. Rxc3 Rfe8 $16) (25. Rxc3 $142 {Intending Nxg5 and mate.} gxh4 26. Bxf8 (26. gxf5 Rfe8 $18) (26. Bxd6 Be4 $16) 26... Kxf8 27. gxf5) 25... Qxc2 {[%emt 0:00:21] ...Bd7 is the strong threat.} 26. Bxf8 Rxf8 27. gxf5 Rf7 $2 {[%emt 0:07:08] [#]} (27... Qxf5 $18 28. Qxd6 Qf4+ 29. Qxf4 gxf4) 28. Nxg5 $1 {[%emt 0:03:23][%mdl 512] Weighted Error Value: White=0.95/Black=0.76} 1-0

[Event "26th Womens ECCC 2022"]
[Site "Mayrhofen"]
[Date "2022.10.04"]
[Round "2.17"]
[White "Peglau, Charis"]
[Black "Muzychuk, Mariya"]
[Result "0-1"]
[ECO "A46"]
[WhiteElo "1960"]
[BlackElo "2527"]
[Annotator "TA"]
[PlyCount "104"]
[EventDate "2022.10.03"]
[EventType "team-tourn"]
[EventCountry "AUT"]
[SourceTitle "playchess.com"]
[Source "ChessBase"]
[SourceQuality "1"]
[TimeControl "40/5400+30:1800+30"]

1. d4 Nf6 2. Nf3 e6 3. Bf4 c5 4. e3 Nc6 5. c3 d5 6. Bd3 Bd6 7. Bxd6 Qxd6 8. Nbd2 O-O 9. O-O e5 10. dxe5 Nxe5 11. Nxe5 Qxe5 12. Nf3 Qe7 13. h3 Bd7 14. Qc2 {[%emt 0:02:13] D02: 1 d4 d5 2 Nf3 sidelines, including 2...Nf6 3 g3 and 2...Nf6 3 Bf4.} Bc6 15. Rfe1 Rad8 {[%emt 0:01:48] [#]} 16. a4 $146 {[%emt 0:07:54][%cal Ob2b4] The position is equal.} ({Predecessor:} 16. Nd2 c4 17. Be2 Rd6 18. Nf3 Rfd8 19. Nd4 Bd7 20. Bf3 Ne4 21. Bxe4 dxe4 22. Kh1 {1-0 (74) Gelzinnus,S (1576)-Harke,H (1684) Schloss Schney 2005}) 16... a5 17. Qe2 Ne4 18. Bb5 Rd6 19. Red1 Rfd8 (19... c4 {is more complex.} 20. Rd4 Rg6 21. Rad1 Qe6) 20. Rac1 f5 21. Bxc6 bxc6 22. c4 Rb8 (22... d4 $5 23. Rd3 Qa7 $11) 23. Qc2 Qf6 24. b3 d4 25. exd4 ({White should play} 25. Qd3 $15) 25... cxd4 $17 26. c5 Rd5 27. Qc4 Rb4 ({Black should try} 27... h6 $19 28. Ne1 (28. Rxd4 $2 Rb4 $19) 28... Nc3) 28. Qa6 Rxb3 29. Qxa5 (29. Qa8+ $17 Rd8 30. Qxa5) 29... d3 $36 {[%emt 0:06:46][%mdl 2048] And now ...h6 would win. White is under strong pressure.} 30. Nd2 Rb8 {[%emt 0:01:28] Black has more active pieces.} (30... Rb2 $142 {aiming for ...h6.} 31. Rb1 h6 32. Rxb2 Qxb2 33. Nxe4 fxe4 34. Qa8+ Kh7 35. Qxc6 Qd4) 31. Qc7 $2 {[%emt 0:01:02] [#]} (31. Nxe4 $17 fxe4 32. Qc3) 31... Rf8 {[%emt 0:01:02] Strongly threatening ...Nc3.} 32. a5 (32. Rc4 $17 {is a better defense.}) 32... Qd4 $2 ({Inferior is} 32... Nxc5 33. Qb6 Nd7 34. Qb3 $11) ({Worse is} 32... Rxc5 33. Rxc5 Nxc5 34. Nf3 $11) (32... Nc3 $19 {Hoping for ...Ne2+.} 33. Nf3 Nxd1 34. Rxd1 g5) 33. Nxe4 $2 (33. Qxc6 $11 {and White is okay.} Kh8 34. Nxe4 fxe4 35. Kh1) 33... fxe4 34. Qg3 Rxc5 35. Qe3 (35. Rxc5 Qxc5 36. a6) 35... Qxe3 36. fxe3 Rxa5 37. Rxc6 {[%emt 0:00:11][%mdl 4096] Endgame KRR-KRR} (37. Rc4 $142 Rfa8 38. Kf2) 37... Ra2 {[%emt 0:04:54] Black is clearly winning.} 38. Re6 Rff2 39. Re8+ Kf7 40. Rxe4 Rxg2+ 41. Kh1 Rh2+ 42. Kg1 Rag2+ 43. Kf1 Rf2+ 44. Kg1 Rhg2+ 45. Kh1 d2 46. h4 Rg3 47. Ra1 Re2 48. Ra7+ {[%emt 0:00:00] [#]} Kg6 $1 49. Rd7 Kh6 50. Red4 Rgxe3 51. Rxd2 Rh3+ 52. Kg1 Rxd2 {Weighted Error Value: White=0.63/Black=0.18 (very precise)} 0-1

[Event "26th Womens ECCC 2022"]
[Site "Mayrhofen"]
[Date "2022.10.04"]
[Round "2.18"]
[White "Urh, Zala"]
[Black "Peglau, Dora"]
[Result "1-0"]
[ECO "E51"]
[WhiteElo "2221"]
[BlackElo "1745"]
[Annotator "TA"]
[PlyCount "53"]
[EventDate "2022.10.03"]
[EventType "team-tourn"]
[EventCountry "AUT"]
[SourceTitle "playchess.com"]
[Source "ChessBase"]
[SourceQuality "1"]
[TimeControl "40/5400+30:1800+30"]

1. d4 Nf6 2. c4 e6 3. Nc3 Bb4 4. Nf3 O-O 5. e3 d5 6. Bd2 c5 7. a3 Bxc3 8. Bxc3 Ne4 9. Rc1 Nxc3 10. Rxc3 cxd4 11. exd4 Nc6 {[%emt 0:04:39] B14: Caro-Kann: Panov-Botvinnik Attack with 5...e6 and 5...g6.} 12. Bd3 Re8 13. O-O e5 {[%emt 0:18:39] White is slightly better.} 14. dxe5 d4 {[%emt 0:02:52] [#]} 15. Rb3 $146 ({Predecessor:} 15. Rc2 Bg4 16. h3 Bxf3 17. Qxf3 Nxe5 18. Qe4 Nxd3 19. Qxd3 Qf6 20. Rd1 Rad8 21. Rcd2 {½-½ (31) Haapasalo,J (2175)-Hytonen,H Helsinki 1997}) 15... Bg4 16. Qc2 (16. Rxb7 Nxe5 17. Be4 d3 $11) (16. h3 $5 Bxf3 17. Qxf3 $16) 16... Na5 $2 {[%emt 0:08:21] Loses the game.} ({Black should play} 16... g6 $14) 17. Bxh7+ $18 Kh8 {[%emt 0:00:17] [#]} 18. Rd3 Nc6 19. Be4 {[%emt 0:05:44] Threatens to win with Bxc6.} Nxe5 20. Nxe5 (20. Bxb7 $6 Bxf3 21. Bxf3 (21. gxf3 Nxd3 22. Qxd3 Rb8 $17) (21. Bxa8 Qxa8 22. gxf3 Nxf3+ 23. Rxf3 Qxf3 $11) 21... Rb8 $16) 20... Rxe5 21. Rg3 ({But not} 21. Bxb7 $6 Rb8 $16) 21... Qd7 22. f4 Rh5 {[%emt 0:05:47] [#]} (22... Rxe4 23. Qxe4 Bf5) 23. f5 {[%emt 0:02:58] White is clearly winning.} Rh4 24. Rf4 d3 25. Qxd3 ({Not} 25. Rfxg4 dxc2 26. Rxh4+ Kg8 27. Bxc2 Qd2 $17) 25... Qxd3 26. Bxd3 Rd8 27. Bf1 {[%emt 0:00:13] Weighted Error Value: White=0.07 (flawless) /Black=0.57} 1-0

[Event "26th Womens ECCC 2022"]
[Site "Mayrhofen"]
[Date "2022.10.04"]
[Round "2.19"]
[White "Peglau, Mirjam"]
[Black "Vidic, Teja"]
[Result "0-1"]
[ECO "C44"]
[WhiteElo "1886"]
[BlackElo "2126"]
[Annotator "TA"]
[PlyCount "38"]
[EventDate "2022.10.03"]
[EventType "team-tourn"]
[EventCountry "AUT"]
[SourceTitle "playchess.com"]
[Source "ChessBase"]
[SourceQuality "1"]
[TimeControl "40/5400+30:1800+30"]

1. e4 e5 2. Nf3 Nc6 3. d4 exd4 4. Nxd4 Nf6 5. Nxc6 bxc6 6. Bd3 Bc5 7. O-O d6 8. Bg5 {[%emt 0:04:36] C45: Scotch Game.} h6 9. Bh4 g5 10. Bg3 {[%emt 0:00:06] Black is slightly better.} h5 $1 {[%emt 0:00:07] [#] aiming for ...h4.} 11. e5 (11. h3 $1 $15) 11... h4 $17 {[%emt 0:01:35] [#]} 12. Bxh4 $146 ({Predecessor:} 12. exf6 Qxf6 13. Bxd6 cxd6 14. Be4 d5 15. Bxd5 Kf8 16. Qf3 Qxf3 17. Bxf3 Bd7 18. Nc3 {½-½ (60) Sadbhav,R (1612)-Szurkos,A (1712) Budapest 2018}) 12... Rxh4 ({But not} 12... gxh4 $6 13. exf6 Qxf6 14. Nd2 $11) 13. exf6 Qxf6 {[%emt 0:00:45] Strongly threatening ...Qh6.} 14. Nd2 d5 {[%emt 0:07:19] Prevents Ne4. Black has more active pieces.} ({Black should try} 14... Kf8 $17 {Threatens to win with ...Bg4.} 15. c3 d5) 15. Qf3 (15. Nf3 $1 $15) 15... Qh6 $40 {[%emt 0:02:33][%mdl 128] Black goes for the king.} ({And not} 15... Qxb2 16. h3 $15) 16. Rae1+ Be6 {[%emt 0:00:51] This bishop pair is nice.} 17. Ne4 $2 (17. Bf5 $17 Rxh2 18. Bh3) 17... dxe4 18. Rxe4 g4 (18... Rxh2 $142 19. g3 Ke7) 19. Qf5 {[%emt 0:01:12] [#]} (19. Rxe6+ $142 Qxe6 20. Qf5 Qxf5 21. Bxf5) 19... Rxh2 $1 {[%emt 0:01:48] Weighted Error Value: White=1.15/Black=0.52} 0-1

[Event "26th Womens ECCC 2022"]
[Site "Mayrhofen"]
[Date "2022.10.04"]
[Round "2.20"]
[White "Kejzar, Petra"]
[Black "Peglau, Sarah"]
[Result "1-0"]
[ECO "D23"]
[WhiteElo "2120"]
[BlackElo "1794"]
[Annotator "TA"]
[PlyCount "43"]
[EventDate "2022.10.03"]
[EventType "team-tourn"]
[EventCountry "AUT"]
[SourceTitle "playchess.com"]
[Source "ChessBase"]
[SourceQuality "1"]
[TimeControl "40/5400+30:1800+30"]

1. d4 d5 2. c4 dxc4 3. Nf3 Nf6 4. g3 c6 5. Bg2 b5 6. O-O e6 7. Bg5 {[%emt 0:09:09] E04: Open Catalan: 5 Nf3.} Be7 8. a4 {[%emt 0:07:56] [#] aiming for axb5.} Bb7 9. Qc2 {[%emt 0:01:26] [#] The position is equal.} O-O $146 ({Predecessor:} 9... a6 10. Nbd2 Nbd7 11. b3 cxb3 12. Nxb3 O-O 13. Ne1 Nd5 14. Bxe7 Qxe7 15. Nd3 N7b6 {1-0 (52) Miroshnichenko,E (2616)-Bagaturov,G (2461) Izmir 2006}) 10. axb5 cxb5 (10... Qb6 $1 $11 {keeps the balance.}) 11. Bxf6 $16 Bxf6 {[%emt 0:05:27] [#]} 12. Ng5 $1 {[%emt 0:00:34][%mdl 576] Discovered Attack} Bxg5 13. Bxb7 Nd7 14. Bxa8 {[%emt 0:00:16] White is more active.} Qxa8 15. Nc3 Qc6 {[%emt 0:01:33][%mdl 8192] Loses the game.} (15... Qb7 $16 {keeps fighting.}) 16. Rxa7 $18 Nf6 17. Rfa1 e5 (17... b4 $142 18. R1a6 Qc8) 18. dxe5 {[%emt 0:01:46] White is clearly winning.} Ng4 19. Qf5 Ne3 20. Qf3 Qxf3 21. exf3 Nc2 22. Rd1 {[%emt 0:02:25] Weighted Error Value: White=0.04 (flawless) /Black=0.93} 1-0

[Event "26th Womens ECCC 2022"]
[Site "Mayrhofen"]
[Date "2022.10.05"]
[Round "3.1"]
[White "Danielian, Elina"]
[Black "Muzychuk, Anna"]
[Result "1/2-1/2"]
[ECO "A34"]
[WhiteElo "2431"]
[BlackElo "2534"]
[Annotator "TA"]
[PlyCount "68"]
[EventDate "2022.10.03"]
[EventType "team-tourn"]
[EventCountry "AUT"]
[SourceTitle "playchess.com"]
[Source "ChessBase"]
[SourceQuality "1"]
[TimeControl "40/5400+30:1800+30"]

1. Nf3 c5 2. c4 Nf6 3. Nc3 d5 4. cxd5 Nxd5 5. e3 e6 6. Qa4+ {[%emt 0:05:11] A17: English Opening: 1...Nf6 with ...Bb4.} Bd7 7. Qb3 Nxc3 8. bxc3 Qc7 9. Rb1 b6 {[%emt 0:04:27] [#]} 10. c4 $146 ({Predecessor:} 10. d4 Nc6 11. Bd3 Be7 12. O-O O-O 13. e4 e5 14. Qc2 Bg4 15. Nxe5 Nxe5 16. dxe5 {½-½ (57) Donchenko,A (2640)-Kozak,A (2475) Piestany 2022}) 10... Be7 11. Bb2 O-O 12. Ne5 Be8 13. Bd3 Nc6 14. Nxc6 Bxc6 15. Qc2 ({Of course not} 15. Qc3 Bf6 16. Qc2 Bxb2 17. Rxb2 Bxg2 18. Bxh7+ Kh8 $17) 15... f5 16. O-O Rad8 17. Be2 Bd6 (17... e5 $17) 18. f4 $15 e5 19. fxe5 Bxe5 20. Bxe5 Qxe5 21. Bf3 Bxf3 22. Rxf3 f4 23. Rbf1 fxe3 24. dxe3 Rxf3 25. Rxf3 {[%emt 0:00:09][%mdl 4096] Endgame KQR-KQR} g6 26. h3 {[%emt 0:00:18] The position is equal.} Kg7 27. Qa4 Kh6 {[%emt 0:06:58] Hoping for ...Rd2.} 28. Qc2 {[%emt 0:00:04] Against Rd2} Rd7 29. a4 Kg7 30. Kf2 Rd6 31. Rf4 Re6 32. Qd3 Rd6 33. Qc2 Re6 34. Qd3 Rd6 {[%emt 0:00:04] Weighted Error Value: White=0.05 (flawless) /Black=0.08 (flawless)} 1/2-1/2

[Event "26th Womens ECCC 2022"]
[Site "Mayrhofen"]
[Date "2022.10.05"]
[Round "3.2"]
[White "Stefanova, Antoaneta"]
[Black "Ushenina, Anna"]
[Result "0-1"]
[ECO "D00"]
[WhiteElo "2440"]
[BlackElo "2445"]
[Annotator "TA"]
[PlyCount "96"]
[EventDate "2022.10.03"]
[EventType "team-tourn"]
[EventCountry "AUT"]
[SourceTitle "playchess.com"]
[Source "ChessBase"]
[SourceQuality "1"]
[TimeControl "40/5400+30:1800+30"]

1. d4 d5 2. Bf4 e6 3. e3 Bd6 4. Nf3 Bxf4 5. exf4 Ne7 6. Nbd2 {[%emt 0:03:22] D02: 1 d4 d5 2 Nf3 sidelines, including 2...Nf6 3 g3 and 2...Nf6 3 Bf4.} b6 {[%emt 0:00:19] [#]} 7. h4 $146 ({Predecessor:} 7. c3 O-O 8. h4 c5 9. h5 h6 10. Rc1 Ba6 11. Bxa6 Nxa6 12. O-O Nb8 13. Ne5 {½-½ (54) Harikrishna,P (2716)-Anton Guijarro,D (2694) chess24.com INT 2022}) 7... Ba6 8. Bxa6 {[%emt 0:01:42] The position is equal.} Nxa6 9. Qe2 Nb8 10. h5 h6 11. c3 Qd6 12. Ne5 c5 13. Ndf3 Nbc6 14. Rd1 O-O 15. O-O Rac8 16. Rfe1 Rc7 17. Rd3 Rfc8 18. dxc5 bxc5 19. Nh4 Nxe5 20. fxe5 Qa6 21. b3 $1 Qb5 22. c4 Qe8 23. g4 dxc4 24. bxc4 Rd7 25. Rg3 (25. Red1 $11 {keeps the balance.} Rxd3 26. Rxd3) 25... Rd4 $17 26. Nf3 {[%emt 0:02:48] [#]} Rf4 27. Nd2 Qd7 28. Nb3 {[%emt 0:03:32] Against Qd4} Qa4 29. Rc1 Qc6 {[%emt 0:00:15] Black is more active.} 30. Qd3 ({Better is} 30. Re3) 30... Re4 (30... g5 $17 {Strongly threatening ...Qa4.} 31. hxg6 Nxg6) 31. Qd6 (31. Rf1 $1 $11) 31... Qc7 32. f4 $2 {[%emt 0:01:31] White does not recover from this.} (32. Rcc3 $17) 32... Rxf4 $19 33. Re1 (33. Qxc7 $142 Rxc7 34. Na5) 33... Rxc4 34. Qd3 Rb4 35. Qc2 (35. Qd6 $142) 35... c4 36. Nd2 c3 {[%emt 0:00:13] aiming for ...Qb6+.} 37. Nb3 a5 38. Nc1 Qc5+ 39. Kh1 Rb2 40. Qe4 Qf2 41. Rg2 {[%emt 0:01:52] Against Qh2+} Qh4+ 42. Kg1 Rd8 {[%emt 0:00:24] ...Rdd2 is the strong threat.} 43. Rf1 Rxg2+ 44. Kxg2 Rd2+ 45. Ne2 Nd5 {[%emt 0:00:40] And now ...c2 would win.} 46. Rf2 c2 47. Qf3 {[%emt 0:01:12] [#]} Qxg4+ $3 48. Qxg4 Ne3+ {Weighted Error Value: White=0.74/Black=0.16 (very precise)} 0-1

[Event "26th Womens ECCC 2022"]
[Site "Mayrhofen"]
[Date "2022.10.05"]
[Round "3.3"]
[White "Osmak, Yuliia"]
[Black "Cramling, Pia"]
[Result "1/2-1/2"]
[ECO "E55"]
[WhiteElo "2428"]
[BlackElo "2459"]
[Annotator "TA"]
[PlyCount "83"]
[EventDate "2022.10.03"]
[EventType "team-tourn"]
[EventCountry "AUT"]
[SourceTitle "playchess.com"]
[Source "ChessBase"]
[SourceQuality "1"]
[TimeControl "40/5400+30:1800+30"]

1. d4 Nf6 2. c4 e6 3. Nc3 Bb4 4. e3 O-O 5. Bd3 d5 6. Nf3 c5 7. O-O dxc4 8. Bxc4 Nbd7 9. Qe2 a6 10. a3 Ba5 11. Rd1 b5 12. Ba2 Bb7 {[%emt 0:01:48] E55: Nimzo-Indian: Rubinstein: Main Line: 7...dxc4 8 Bxc4 Nbd7.} 13. dxc5 Bxc3 14. bxc3 Qc7 {[%emt 0:07:42] The position is equal.} 15. c4 bxc4 {[%emt 0:05:15] [#]} 16. Bb2 $146 ({Predecessor:} 16. Bxc4 Ng4 17. h3 Bxf3 18. Qxf3 Qh2+ 19. Kf1 Nde5 20. Qf4 Qxf4 21. exf4 Nxc4 22. hxg4 {½-½ (41) Kozma,J-Hybl,J Prague 1963}) 16... Ng4 {[%emt 0:13:07] [#]} (16... Qxc5 $11 {keeps the balance.} 17. Bxc4 Bxf3 18. gxf3 Ne5 19. Bxa6 Nxf3+ 20. Qxf3 Qg5+ 21. Kh1 Rxa6) 17. c6 ({But not} 17. Bxc4 Bxf3 18. Qxf3 Qxh2+ 19. Kf1 Rab8 $15) (17. h3 $1 $16 Bxf3 18. Qxf3 Qh2+ 19. Kf1) 17... Qxc6 18. Qxc4 Qxc4 19. Bxc4 Nb6 ({Black should play} 19... Ngf6 $14) 20. Be2 $16 Bd5 21. Rac1 {[%emt 0:04:29] Inhibits Bc4.} a5 22. Bd4 {[%emt 0:05:05] This bishop pair is nice.} Rab8 (22... Nd7 $16) 23. Rc5 (23. Bc5 $18) 23... a4 24. e4 Bb3 25. Rdc1 {[%emt 0:03:13] [#] Strongly threatening Rg5.} Nf6 26. Rc6 Nbd7 27. Rc7 (27. Nd2 $16) 27... Rfd8 $1 $14 28. Ba7 {[%emt 0:02:49] White has more active pieces.} Ra8 29. Bb5 {[%emt 0:00:18] Black must now prevent e5.} e5 30. g4 (30. h3 $16) 30... h6 31. h3 Be6 32. Bc6 ({Reject} 32. Bxa4 Ne8 $11) 32... Rac8 33. Bxa4 Rxc7 34. Rxc7 Nxe4 35. Bc6 Ndf6 36. Nxe5 Rd1+ 37. Kh2 (37. Kg2 {looks sharper.} Nd5 38. Rb7 g5 39. Nf3) 37... Rd2 38. Be3 Ra2 39. Nd3 Rxa3 40. Nf4 Ba2 41. Rc8+ Kh7 42. Ra8 {[%emt 0:00:03] Weighted Error Value: White=0.14 (very precise) /Black=0.17 (very precise)} ({Better is} 42. Bd4 $14) 1/2-1/2

[Event "26th Womens ECCC 2022"]
[Site "Mayrhofen"]
[Date "2022.10.05"]
[Round "3.4"]
[White "Paehtz, Elisabeth"]
[Black "Maltsevskaya, Aleksandra"]
[Result "0-1"]
[ECO "D02"]
[WhiteElo "2469"]
[BlackElo "2389"]
[Annotator "TA"]
[PlyCount "70"]
[EventDate "2022.10.03"]
[EventType "team-tourn"]
[EventCountry "AUT"]
[SourceTitle "playchess.com"]
[Source "ChessBase"]
[SourceQuality "1"]
[TimeControl "40/5400+30:1800+30"]

1. d4 d5 2. Nf3 c5 3. c3 e6 4. g3 Nc6 5. Bg2 Bd6 6. O-O Nf6 7. a3 O-O 8. dxc5 Bxc5 9. c4 dxc4 {[%emt 0:00:55] D02: 1 d4 d5 2 Nf3 sidelines, including 2...Nf6 3 g3 and 2...Nf6 3 Bf4.} 10. Nbd2 {[%emt 0:09:15] [#]} Na5 $146 ({Predecessor:} 10... c3 11. bxc3 e5 12. Qc2 Qe7 13. Ng5 h6 14. Nge4 Bf5 15. Nxf6+ Qxf6 16. Ne4 Qg6 17. Qa4 Bb6 {0-1 (36) Matejic,Z (2173)-Poleksic,M (2206) Belgrade 2013}) 11. Qc2 {[%emt 0:22:06] [#] aiming for b4.} Qc7 {[%emt 0:00:24] Black is slightly better.} 12. Ng5 h6 13. Nge4 Nxe4 14. Nxe4 Be7 15. b4 ({White should try} 15. Nd2 $15) 15... Nb3 $17 16. Rb1 Nd4 17. Qa2 e5 18. Nc3 Bf5 19. Rb2 (19. e3 $17 {was necessary.} Nb3 20. Rb2) 19... Rfd8 $19 20. f4 (20. Rd2 $17) 20... e4 21. Be3 Bf6 22. g4 $2 (22. Rd2 {was worth a try.}) 22... Bxg4 {[%emt 0:08:43] Strongly threatening ...Nf5.} 23. Nxe4 c3 24. Nxf6+ gxf6 25. Bxd4 Rxd4 26. Rc2 Rxf4 27. Rfc1 $2 (27. Qd5 Rxf1+ 28. Bxf1) 27... Be6 28. Qa1 Rh4 29. Rxc3 Qxh2+ 30. Kf2 Rg4 31. Rg1 Bd5 32. Rf3 Bxf3 {[%emt 0:00:07] Black mates.} 33. exf3 {[%emt 0:00:03] [#]} Rd8 $1 34. fxg4 (34. Qxf6 Rd2+) 34... Qf4+ 35. Ke1 Rd2 {[%emt 0:00:13] Weighted Error Value: White=0.80/Black=0.10 (very precise)} 0-1